 Dungeon Crawl Stone Soup version 0.30-a0-170-g85af917532 (webtiles) character file.

Game seed: 4672577679330310282

130 qw the Chopper (level 5, -7/32 HPs)
             Began as a Gargoyle Fighter on Sept 30, 2022.
             Killed by divine providence
             ... invoked by an orc priest
              (13 damage)
             ... on level 3 of the Dungeon.
             The game lasted 00:00:36 (2310 turns).

qw the Chopper (Gargoyle Fighter)                   Turns: 2310, Time: 00:00:37

Health: -7/32      AC: 10    Str: 22    XL:     5   Next: 14%
Magic:  5/5        EV:  9    Int:  8    God:
Gold:   137        SH:  4    Dex:  9    Spells: 4/4 levels left

rFire   . . .      SeeInvis .    Y - +0 war axe
rCold   . . .      Faith    .    c - +0 buckler
rNeg    + . .      Spirit   .    b - +0 scale mail
rPois   inf        Reflect  .    (no helmet)
rElec   +          Harm     .    (no cloak)
rCorr   .          Rampage  .    (no gloves)
Will    .....                    (no boots)
Stlth   ..........               (no amulet)
HPRegen 0.10/turn                (no ring)
MPRegen 0.09/turn                (no ring)

@: no status effects
A: sickness immunity, AC +4, negative energy resistance 1, electricity
resistance, torment resistance 1, petrification resistance
a: no special abilities


You were on level 3 of the Dungeon.
You visited 1 branch of the dungeon, and saw 3 of its levels.

You collected 137 gold pieces.


Innate Abilities, Weirdness & Mutations

You are immune to sickness and miasma.
Your stone body is resilient. (AC +4)
You are immune to poison.
You resist negative energy. (rN+)
You are resistant to electric shocks. (rElec)
You are resistant to unholy torment.
You are immune to petrification.


   Skills:
 - Level 3.2 Fighting
 + Level 4.7 Axes
 - Level 3.2 Armour
 - Level 3.2 Shields


You had 4 spell levels left.
You didn't know any spells.
Your spell library was empty.

Inventory:

Hand Weapons
 a - a +0 mace
 Y - a +0 war axe (weapon)
Armour
 b - a +0 scale mail (worn)
 c - a +0 buckler (worn)
Potions
 d - a potion of might
 e - a potion of brilliance {unknown}
 f - a potion of heal wounds {unknown}

Dungeon Overview and Level Annotations

Branches:
Dungeon (3/15)

Altars:


Message History

You barely miss the orc. You hit something but do no damage.
You hear some strange, mumbled words.
A magic dart appears from out of thin air!
The magic dart hits you. The orc completely misses you.
The orc barely misses you.
You hit the orc.
The orc is almost dead.
You miss something. You barely miss the orc.
The orc priest begins to cast a cantrip, but forgets the words!
The orc hits you but does no damage.
You hit the orc.
You kill the orc!
You closely miss the orc. You closely miss something. Something hits you.
The orc hits you but does no damage. Something hits you.
The orc hits you but does no damage.
You closely miss the orc. You barely miss the orc. You miss something.
Something hits you but does no damage. The orc hits you but does no damage.
The orc hits you with a +0 falchion.
You barely miss the orc. You hit the orc. You hit something.
Something hits you but does no damage. The orc hits you but does no damage. x2
You barely miss the orc.
The orc is lightly wounded.
You barely miss the orc. You closely miss something.
Something hits you but does no damage. The orc closely misses you.
The orc priest looks satisfied for a moment.
The orc closely misses you. The orc hits you with a +0 falchion.
The orc hits you but does no damage. You block something's attack.
You hit the orc.
The orc is heavily wounded.
You slash the orc!
You kill the orc!
You hit something but do no damage. The orc barely misses you.
You closely miss the orc.
The orc is heavily wounded.
You hit the orc priest. You hit something.
Something hits you but does no damage. The orc barely misses you.
The orc priest mumbles some strange prayers to Beogh against you.
Beogh smites you!
You die...

#....# #....# #....#
#############....#
............'....#
#############....###
)......# #......#
###....# #.#..#.#
..'....# #.#)@#.#
###....# #.#oo# #
..)....# #.#.$#
##.#.#.# #.#..# #.
.#.# #..# #. .# .
#..# o. .. . .... #.
.# ## #..# #. .#


You could see an orc priest and an orc.

Vanquished Creatures
  A bullfrog (D:3)
  2 adders (D:2)
  2 dart slugs (D:1)
  2 orcs (D:3)
  3 ball pythons
  5 bats
  4 endoplasms
  9 goblins
  4 hobgoblins
  2 jackals (D:2)
  3 frilled lizards
  3 kobolds
  3 rats
43 creatures vanquished.

Notes
Turn   | Place    | Note
-------+----------+-------------------------------------------
     0 | D:1      | qw the Gargoyle Fighter began the quest for the Orb.
     0 | D:1      | Reached XP level 1. HP: 14/14 MP: 1/1
     0 | D:1      | 0 ||| qw: Version: 0.2-a-12-gaebbb33
     0 | D:1      | 0 ||| qw: Game counter: 1615
     0 | D:1      | 0 ||| qw: Always use a shield: true
     0 | D:1      | 0 ||| qw: God list: Okawaru
     0 | D:1      | 0 ||| qw: Allow faded altars: false
     0 | D:1      | 0 ||| qw: Do Orc after D:15 true
     0 | D:1      | 0 ||| qw: Do second Lair branch before Depths: true
     0 | D:1      | 0 ||| qw: Lair rune preference: random
     0 | D:1      | 0 ||| qw: Plans: Normal, Zot:1-4, God:TSO, Crypt, Tomb,
                  | Pan, Slime:5, Hells, Abyss, Orb
     0 | D:1      | 0 ||| PLANNING D:1-11
   118 | D:1      | Reached skill level 2 in Axes
   150 | D:1      | 150 ||| Stepping ~*~*~tactically~*~*~ (hiding).
   328 | D:1      | Reached XP level 2. HP: 18/19 MP: 2/2
   859 | D:1      | Reached skill level 3 in Axes
   860 | D:1      | 860 ||| Stepping ~*~*~tactically~*~*~ (stealth).
   868 | D:1      | 868 ||| Stepping ~*~*~tactically~*~*~ (stealth).
   870 | D:1      | 870 ||| Stepping ~*~*~tactically~*~*~ (stealth).
   878 | D:1      | 878 ||| Stepping ~*~*~tactically~*~*~ (hiding).
   880 | D:1      | 880 ||| Stepping ~*~*~tactically~*~*~ (hiding).
   886 | D:1      | Reached XP level 3. HP: 23/23 MP: 3/3
  1209 | D:1      | 1209 ||| READING scroll labelled HIDOLA VAUVIMP.
  1210 | D:1      | 1210 ||| READING scroll labelled WEIZYU VEFOGI.
  1211 | D:1      | 1211 ||| READING scroll labelled IDYL ZILAOSCH.
  1230 | D:2      | Found a faded altar of an unknown god.
  1241 | D:2      | 1241 ||| DROPPING +0 club.
  1272 | D:2      | 1272 ||| Stepping ~*~*~tactically~*~*~ (stealth).
  1274 | D:2      | 1274 ||| Stepping ~*~*~tactically~*~*~ (stealth).
  1627 | D:2      | 1627 ||| Stepping ~*~*~tactically~*~*~ (stealth).
  1793 | D:2      | Reached XP level 4. HP: 28/28 MP: 4/4
  1992 | D:3      | Noticed a bullfrog
  2003 | D:3      | HP: 5/28 [bullfrog (3)]
  2004 | D:3      | Killed a bullfrog
  2005 | D:3      | Reached skill level 4 in Axes
  2005 | D:3      | Reached XP level 5. HP: 6/32 MP: 5/5
  2191 | D:3      | 2191 ||| FLEEEEING.
  2308 | D:3      | HP: 6/32 [orc/+0 falchion (5)]
  2310 | D:3      | Killed from afar by an orc priest

Levels and vault maps discovered:
D:1:      shiori_arrival_elements, layout_basic
D:2:      minmay_alternating_diamond, layout_basic,
          hellmonk_ecumenical_altar_zigzags
D:3:      layout_basic, okawaru_trees_1, gammafunk_ghost_nasty_kobolds,
          uniq_natasha, uniq_jessica

Skill      XL: |  1  2  3  4 |
---------------+-------------+-----
Axes           | 2 3 4 |  4.7
Fighting       | |  3.2
Armour         | |  3.2
Shields        | |  3.2

Action                   |  1- 3 |  4- 6 || total
-------------------------+-------+-------++-------
Melee: War axe           |    87 |    33 ||   120
  Use: Scroll            |     3 |       ||     3
Armor: Scale mail        |    40 |    23 ||    63
Dodge: Dodged            |    39 |    17 ||    56
Block: Buckler           |    22 |     7 ||    29

Table legend:
 A = Non-vault XP
 B = Vault XP
 C = Vault XP percentage of total XP
 D = Non-vault monster count
 E = Vault monster count
 F = Vault count percentage of total count
                 A         B        C        D         E       F
            +---------+---------+-------+---------+---------+-------
      Total |     170 |      17 |   9.1 |      40 |       3 |   7.0
            +---------+---------+-------+---------+---------+-------
        D:1 |      36 |       0 |   0.0 |      18 |       0 |   0.0
        D:2 |      42 |      17 |  28.8 |      18 |       3 |  14.3
        D:3 |      92 |       0 |   0.0 |       4 |       0 |   0.0
            +---------+---------+-------+---------+---------+-------
